[Event "January 9 Early 2024"]
[Site "https://www.chess.com"]
[Date "2024.01.11"]
[Round "10"]
[White "Finek, Vaclav"]
[Black "Tuncer, Tuna"]
[Result "0-1"]
[Board "20"]
[TimeControl "180+1"]
[WhiteFideId "23718293"]
[BlackFideId "6349269"]
[WhiteElo "2804"]
[BlackElo "2651"]
[WhiteTeam "CZE"]
[BlackTeam "TUR"]
[WhiteClock "0:01:16"]
[BlackClock "0:01:47"]

1. d4 g6 2. Nf3 Bg7 3. g3 d6 4. Bg2 Nf6 5. O-O O-O 6. c4 Nc6 7. Nc3 Bf5 8. Be3 Ne4 9. Nxe4 Bxe4 10. d5 Na5 11. Bd4 c5 12. Bxg7 Kxg7 13. b3 Rb8 14. Bh3 Bxf3 15. exf3 b5 16. Qc2 bxc4 17. bxc4 Rb4 18. Rfe1 Rxc4 19. Qe2 Re8 20. f4 Rd4 21. Bg2 Qd7 22. Rab1 Nc4 23. Rec1 Nb6 24. Rd1 Rxd1+ 25. Qxd1 Qf5 26. h4 h5 27. Rb3 c4 28. Ra3 Rc8 29. Rxa7 c3 30. Qd4+ Qf6 31. Qxb6 c2 32. Rc7 Rxc7 33. Qxc7 Qa1+ 34. Kh2 c1=Q 0-1

[Event "January 9 Early 2024"]
[Site "https://www.chess.com"]
[Date "2024.01.11"]
[Round "10"]
[White "Materia, Marco"]
[Black "Sieciechowicz, Marcin"]
[Result "1-0"]
[Board "21"]
[TimeControl "180+1"]
[WhiteFideId "45150451"]
[BlackFideId "1130170"]
[WhiteElo "2830"]
[BlackElo "2689"]
[WhiteTeam "FRA"]
[BlackTeam "POL"]
[WhiteClock "0:01:59"]
[BlackClock "0:00:54"]

1. d4 Nf6 2. Nf3 g6 3. c4 Bg7 4. Nc3 d6 5. Bg5 h6 6. Bh4 g5 7. Bg3 Nh5 8. e3 O-O 9. Bd3 c5 10. d5 e5 11. Nd2 Nxg3 12. hxg3 f5 13. g4 e4 14. Bc2 Bxc3 15. bxc3 Qf6 16. gxf5 Qxc3 17. Bxe4 Bxf5 18. Bxf5 Rxf5 19. Rxh6 Nd7 20. Rc1 Qg7 21. Rxd6 Raf8 22. Ne4 g4 23. Rxd7 Qxd7 24. Qxg4+ Qg7 25. Qxg7+ Kxg7 26. f4 b6 27. Kf2 1-0

[Event "January 9 Early 2024"]
[Site "https://www.chess.com"]
[Date "2024.01.11"]
[Round "10"]
[White "Cristobal, Manuel"]
[Black "Przybylski, Wojciech"]
[Result "1-0"]
[Board "22"]
[TimeControl "180+1"]
[WhiteFideId "112879"]
[BlackFideId "1117599"]
[WhiteElo "2713"]
[BlackElo "2558"]
[WhiteTeam "ARG"]
[BlackTeam "POL"]
[WhiteClock "0:01:55"]
[BlackClock "0:00:35"]

1. d4 Nf6 2. Nf3 e6 3. e3 b6 4. Bd3 Bb7 5. O-O Be7 6. b3 O-O 7. Bb2 a5 8. c4 a4 9. bxa4 d5 10. Nbd2 Qd7 11. Bc2 Ba6 12. Ne5 Qc8 13. Qf3 c5 14. Qh3 g6 15. dxc5 bxc5 16. Rfd1 Nc6 17. Ndf3 dxc4 18. Ng5 Rb8 19. Nxc6 Rxb2 20. Nxe7+ Kg7 21. Nxc8 Rxc8 22. Rd7 Nxd7 23. Qxh7+ Kf6 24. Qxf7+ Kxg5 25. Qf4+ Kh5 26. Bd1+ Re2 27. Bxe2# 1-0

[Event "January 9 Early 2024"]
[Site "https://www.chess.com"]
[Date "2024.01.11"]
[Round "10"]
[White "Skurikhin, Dmitrij"]
[Black "Herman, Matthew"]
[Result "0-1"]
[Board "23"]
[TimeControl "180+1"]
[WhiteFideId "4161297"]
[BlackFideId "2028964"]
[WhiteElo "2220"]
[BlackElo "2516"]
[WhiteTeam "RUS"]
[BlackTeam "USA"]
[WhiteClock "0:01:03"]
[BlackClock "0:01:22"]

1. d4 Nf6 2. Nf3 g6 3. c4 Bg7 4. Nc3 O-O 5. e4 d6 6. Be2 Nbd7 7. O-O e5 8. Be3 Ng4 9. Bg5 f6 10. Bc1 Nh6 11. Be3 Nf7 12. b4 f5 13. dxe5 dxe5 14. c5 c6 15. Bc4 f4 16. Bc1 Kh8 17. Bb2 g5 18. h3 Qe7 19. Bxf7 Qxf7 20. Nxg5 Qg6 21. Qg4 Nxc5 22. Qh4 Nd3 23. Na4 Nxb2 24. Nxb2 Bf6 25. Qxh7+ Qxh7 26. Nxh7 Kxh7 0-1

[Event "January 9 Early 2024"]
[Site "https://www.chess.com"]
[Date "2024.01.11"]
[Round "10"]
[White "Skaric, Djuro"]
[Black "Matveeva, Olga"]
[Result "0-1"]
[Board "24"]
[TimeControl "180+1"]
[WhiteFideId "934569"]
[BlackFideId "24107018"]
[WhiteElo "2289"]
[BlackElo "2397"]
[WhiteTeam "SRB"]
[BlackTeam "RUS"]
[WhiteClock "0:01:45"]
[BlackClock "0:01:06"]

1. g3 d5 2. Bg2 Nf6 3. d3 e6 4. Nf3 Be7 5. O-O O-O 6. Nc3 c5 7. e4 Nc6 8. h3 b6 9. g4 dxe4 10. dxe4 Bb7 11. Bf4 Nd4 12. Ne5 Bd6 13. g5 Ne8 14. Qh5 Qc7 15. g6 fxg6 16. Nxg6 hxg6 17. Bxd6 gxh5 18. Bxc7 Nxc7 19. f4 Nxc2 20. Rac1 Ne3 21. Rf2 Nxg2 22. Rxg2 Rad8 23. Rf1 Rd4 24. Re2 Rfd8 25. Rff2 Ba6 26. Re3 Rd2 27. a4 Rxf2 28. Kxf2 Rd2+ 29. Kg3 Rxb2 30. Kh4 g6 31. Kg5 Kf7 32. f5 exf5 33. exf5 Rg2+ 34. Kh4 gxf5 35. Kxh5 Bb7 36. Ne2 Rxe2 0-1

[Event "January 9 Early 2024"]
[Site "https://www.chess.com"]
[Date "2024.01.11"]
[Round "10"]
[White "De Souza, Cristiano Gomes"]
[Black "Morales Garcia, Sergio Joshafatt"]
[Result "0-1"]
[Board "25"]
[TimeControl "180+1"]
[WhiteFideId "2151758"]
[BlackFideId "5106249"]
[WhiteElo "2275"]
[BlackElo "2460"]
[WhiteTeam "BRA"]
[BlackTeam "MEX"]
[WhiteClock "0:01:18"]
[BlackClock "0:01:17"]

1. d4 d5 2. Nf3 Nf6 3. c4 c6 4. Nc3 e6 5. Bg5 h6 6. Bh4 dxc4 7. e4 g5 8. Bg3 b5 9. h4 g4 10. Ne5 Nbd7 11. Nxg4 Nxg4 12. Qxg4 Qb6 13. Kd1 Qxd4+ 14. Kc2 Ne5 15. Rd1 Qxc3+ 16. bxc3 Nxg4 17. Bc7 Be7 18. Rd2 Bb7 19. a4 Rc8 20. Bg3 Rd8 21. Rxd8+ Bxd8 22. Be2 Nf6 23. Bf3 O-O 24. Ra1 Bb6 25. e5 Nd5 26. axb5 cxb5 27. Rb1 a6 0-1

[Event "January 9 Early 2024"]
[Site "https://www.chess.com"]
[Date "2024.01.11"]
[Round "10"]
[White "Harriott, Tyrell"]
[Black "Gopal, K.N."]
[Result "1-0"]
[Board "26"]
[TimeControl "180+1"]
[WhiteFideId "2086484"]
[BlackFideId "5001447"]
[WhiteElo "2357"]
[BlackElo "2232"]
[WhiteTeam "USA"]
[BlackTeam "IND"]
[WhiteClock "0:01:17"]
[BlackClock "0:01:06"]

1. d4 Nf6 2. e3 e6 3. Bd3 c5 4. f4 cxd4 5. exd4 b6 6. Nf3 Bb7 7. O-O Be4 8. Qe2 Bxd3 9. Qxd3 Be7 10. c3 O-O 11. Nbd2 Nc6 12. Ne5 Rc8 13. Ne4 d6 14. Nxc6 Rxc6 15. Ng5 h6 16. Nh3 Qc8 17. Qf3 Re8 18. Be3 Nd5 19. Bf2 f5 20. Rae1 Nf6 21. Rxe6 Qxe6 22. Qxc6 Ne4 23. Qxe8+ Kh7 24. Re1 d5 25. Bh4 Bxh4 26. Qxe6 1-0

[Event "January 9 Early 2024"]
[Site "https://www.chess.com"]
[Date "2024.01.11"]
[Round "10"]
[White "Tejedor Fuente, Enrique"]
[Black "Costachi, Mihnea"]
[Result "0-1"]
[Board "27"]
[TimeControl "180+1"]
[WhiteFideId "2299100"]
[BlackFideId "1217518"]
[WhiteElo "2723"]
[BlackElo "2873"]
[WhiteTeam "ESP"]
[BlackTeam "ROU"]
[WhiteClock "0:01:48"]
[BlackClock "0:01:16"]

1. Nc3 c5 2. Nf3 Nc6 3. a3 Nf6 4. e4 e6 5. g3 d5 6. exd5 exd5 7. Bg2 d4 8. Ne2 Bd6 9. d3 O-O 10. O-O Re8 11. Bf4 Bg4 12. Bxd6 Qxd6 13. h3 Bd7 14. Nd2 Ne5 15. Nf4 Bc6 16. Re1 Bxg2 17. Kxg2 Qc6+ 18. Nf3 Re7 19. b4 b6 20. bxc5 bxc5 21. g4 Rae8 22. Kg3 Qd6 23. Nxe5 Rxe5 24. Rxe5 Qxe5 25. Kf3 g5 26. Nh5 Nxh5 27. gxh5 Qh2 28. Qf1 Re6 29. Re1 Rxe1 30. Qxe1 Qxh3+ 31. Ke2 Qe6+ 32. Kf1 Qxe1+ 33. Kxe1 Kg7 34. Ke2 Kh6 35. Kf3 Kxh5 36. Ke4 Kg4 37. Kd5 h5 38. Kxc5 h4 39. Kxd4 h3 40. f3+ Kxf3 41. c4 h2 42. c5 h1=Q 43. c6 Qh2 44. Kc5 Qe5+ 45. Kc4 Ke3 46. a4 a5 0-1

[Event "January 9 Early 2024"]
[Site "https://www.chess.com"]
[Date "2024.01.11"]
[Round "10"]
[White "Krzywda, Andrzej"]
[Black "Sasvatha A"]
[Result "1-0"]
[Board "28"]
[TimeControl "180+1"]
[WhiteFideId "1114565"]
[BlackFideId "45010862"]
[WhiteElo "2399"]
[BlackElo "2188"]
[WhiteTeam "POL"]
[BlackTeam "IND"]
[WhiteClock "0:01:12"]
[BlackClock "0:01:24"]

1. e4 c6 2. d4 d5 3. e5 Bf5 4. h4 h5 5. Bd3 Bxd3 6. Qxd3 e6 7. Nf3 g6 8. O-O Be7 9. g3 Nh6 10. Bxh6 Rxh6 11. c4 Rh8 12. Nc3 Nd7 13. Rab1 a6 14. b4 g5 15. hxg5 Bxg5 16. Kg2 h4 17. Rh1 Rg8 18. Qh7 Kf8 19. Nxh4 Bxh4 20. Rxh4 dxc4 21. Rf4 Qe7 22. Ne4 Rg7 23. Qh8+ Rg8 24. Qh6+ Rg7 25. Nd6 Qg5 26. Rxf7+ Kg8 27. Qxg5 Rxg5 28. Rxd7 Rf8 29. Rh1 b5 30. Ne4 Rgf5 31. f4 R8f7 32. Rd8+ Kg7 33. Rdh8 a5 34. Nd6 axb4 35. Ne8+ Kg6 36. R1h6# 1-0

[Event "January 9 Early 2024"]
[Site "https://www.chess.com"]
[Date "2024.01.11"]
[Round "10"]
[White "Zgadzaj, Rafal"]
[Black "Sielecki, Christof"]
[Result "0-1"]
[Board "29"]
[TimeControl "180+1"]
[WhiteFideId "1113712"]
[BlackFideId "4620437"]
[WhiteElo "2335"]
[BlackElo "2548"]
[WhiteTeam "POL"]
[BlackTeam "GER"]
[WhiteClock "0:01:09"]
[BlackClock "0:00:38"]

1. b3 d5 2. Bb2 c5 3. f4 Nf6 4. Nf3 g6 5. e3 Bg7 6. d3 O-O 7. Ne5 Nbd7 8. Nd2 d4 9. exd4 Nd5 10. Qf3 Nb4 11. O-O-O cxd4 12. Bxd4 Nxe5 13. Bxe5 Bxe5 14. fxe5 Qc7 15. Nc4 Be6 16. a3 Nd5 17. d4 b5 18. Ne3 Rfd8 19. Kb2 Qc3+ 20. Kc1 Nxe3 21. Rd3 Qxc2# 0-1

[Event "January 9 Early 2024"]
[Site "https://www.chess.com"]
[Date "2024.01.11"]
[Round "10"]
[White "Vlassov, Nikolai"]
[Black "Rakhmatullaev, Almas"]
[Result "0-1"]
[Board "30"]
[TimeControl "180+1"]
[WhiteFideId "4103360"]
[BlackFideId "14205793"]
[WhiteElo "2662"]
[BlackElo "2838"]
[WhiteTeam "FID"]
[BlackTeam "UZB"]
[WhiteClock "0:01:27"]
[BlackClock "0:00:47"]

1. e4 e5 2. Bc4 Nf6 3. d3 c6 4. Nf3 d5 5. Bb3 Bd6 6. Nc3 Be6 7. Bg5 d4 8. Ne2 Bxb3 9. axb3 Nbd7 10. Ng3 h6 11. Nf5 Bf8 12. Bxf6 Qxf6 13. c3 g6 14. Ng3 h5 15. cxd4 h4 16. dxe5 Nxe5 17. Nf1 Bb4+ 18. Ke2 h3 19. Nxe5 hxg2 20. Ng4 Qxb2+ 21. Nd2 gxh1=Q 22. Qxh1 Qxd2+ 23. Kf3 Qxd3+ 24. Ne3 Qd7 25. h4 Be7 26. Rd1 Qe6 27. Ke2 Rxh4 28. Qf3 Qxe4 0-1

[Event "January 9 Early 2024"]
[Site "https://www.chess.com"]
[Date "2024.01.11"]
[Round "10"]
[White "Delgado Kuffo, Andres"]
[Black "Dahlgren, James Allen"]
[Result "1-0"]
[Board "31"]
[TimeControl "180+1"]
[WhiteFideId "3600475"]
[BlackFideId "22256873"]
[WhiteElo "2287"]
[BlackElo "2095"]
[WhiteTeam "ECU"]
[BlackTeam "ESP"]
[WhiteClock "0:00:56"]
[BlackClock "0:00:50"]

1. e4 e6 2. d4 c5 3. c3 d5 4. e5 Qb6 5. Nf3 Bd7 6. Bd3 Bb5 7. dxc5 Bxc5 8. b4 Bxf2+ 9. Ke2 Bxd3+ 10. Qxd3 a5 11. Rf1 Bg3 12. Be3 Qc7 13. hxg3 Nc6 14. b5 Nxe5 15. b6 Nxd3 16. bxc7 Nb2 17. Na3 Rc8 18. Nb5 Kd7 19. Ne5+ Ke7 20. Rxf7+ 1-0

[Event "January 9 Early 2024"]
[Site "https://www.chess.com"]
[Date "2024.01.11"]
[Round "10"]
[White "Estrada Nieto, Julian"]
[Black "Plyasunov, Daniil"]
[Result "1/2-1/2"]
[Board "32"]
[TimeControl "180+1"]
[WhiteFideId "5101018"]
[BlackFideId "44133839"]
[WhiteElo "2610"]
[BlackElo "2743"]
[WhiteTeam "ESP"]
[BlackTeam "RUS"]
[WhiteClock "0:01:03"]
[BlackClock "0:01:19"]

1. e4 c6 2. d4 d5 3. exd5 cxd5 4. Bd3 Nc6 5. c3 Nf6 6. Nf3 Bg4 7. Bf4 e6 8. Nbd2 Bd6 9. Bxd6 Qxd6 10. O-O O-O 11. Qb3 Qc7 12. Rfe1 Bxf3 13. Nxf3 a6 14. a4 Rfe8 15. g3 Re7 16. Kg2 Rae8 17. Qc2 e5 18. dxe5 Nxe5 19. Nxe5 Rxe5 20. Qd2 Qe7 21. Rxe5 Qxe5 22. Rd1 g6 23. h3 d4 24. Rc1 Rd8 25. Re1 Qd5+ 26. Kg1 dxc3 27. Qxc3 Qxd3 28. Qxf6 Rf8 29. h4 h5 30. Re3 Qd1+ 31. Kg2 Qxa4 32. Re7 Qb5 33. Qf3 Qxb2 34. Rxb7 Qa2 35. Ra7 a5 36. Kh2 a4 37. Qf4 a3 38. Qe3 1/2-1/2

[Event "January 9 Early 2024"]
[Site "https://www.chess.com"]
[Date "2024.01.11"]
[Round "10"]
[White "Poormosavi, Seyed Kian"]
[Black "Rustamov, Rustam"]
[Result "0-1"]
[Board "33"]
[TimeControl "180+1"]
[WhiteFideId "12585807"]
[BlackFideId "13440110"]
[WhiteElo "2740"]
[BlackElo "2891"]
[WhiteTeam "IRI"]
[BlackTeam "AZE"]
[WhiteClock "0:01:46"]
[BlackClock "0:00:31"]

1. Nf3 Nf6 2. g3 e6 3. Bg2 d5 4. O-O Be7 5. b3 O-O 6. Bb2 c5 7. e3 Nc6 8. c4 d4 9. exd4 cxd4 10. d3 e5 11. Nbd2 Bf5 12. Qe2 Bd6 13. Ng5 Re8 14. Nge4 Nxe4 15. Nxe4 Bf8 16. a3 a5 17. Bc1 Bg6 18. Re1 f5 19. Nd2 Bf7 20. Qd1 Qb6 21. Qc2 Rad8 22. Rb1 e4 23. dxe4 d3 24. Qd1 Bc5 25. Rf1 Nd4 26. Bb2 Ne2+ 27. Kh1 Bh5 28. f3 fxe4 29. g4 Bf7 30. Nxe4 Rxe4 31. Qd2 Be3 32. Qe1 Ree8 33. b4 Qh6 34. h4 Bf4 35. Qf2 Ng3+ 36. Kg1 Be3 0-1

[Event "January 9 Early 2024"]
[Site "https://www.chess.com"]
[Date "2024.01.11"]
[Round "10"]
[White "Pichot, Alan"]
[Black "Carow, Johannes"]
[Result "1-0"]
[Board "34"]
[TimeControl "180+1"]
[WhiteFideId "110973"]
[BlackFideId "24692050"]
[WhiteElo "2840"]
[BlackElo "2714"]
[WhiteTeam "ESP"]
[BlackTeam "GER"]
[WhiteClock "0:01:48"]
[BlackClock "0:00:01"]

1. d4 Nf6 2. Nf3 g6 3. e3 Bg7 4. Be2 O-O 5. O-O d6 6. b3 c5 7. Bb2 b6 8. d5 e6 9. c4 exd5 10. cxd5 Bb7 11. Bc4 Na6 12. Nc3 Nc7 13. Rb1 a6 14. a4 Re8 15. Qd3 Qe7 16. Nd2 Ng4 17. Qe2 Qh4 18. Nf3 Qh5 19. h3 Nf6 20. Nd2 Qh4 21. Qd3 Nd7 22. e4 Ne5 23. Qc2 Bh6 24. Rbd1 Bc8 25. Be2 Bxh3 26. gxh3 Qxh3 27. Rfe1 Bf4 28. Nf1 f5 29. Rd3 1-0

[Event "January 9 Early 2024"]
[Site "https://www.chess.com"]
[Date "2024.01.11"]
[Round "10"]
[White "Shkapenko, Pavel"]
[Black "Delorme, Axel"]
[Result "1/2-1/2"]
[Board "35"]
[TimeControl "180+1"]
[WhiteFideId "4151933"]
[BlackFideId "632023"]
[WhiteElo "2727"]
[BlackElo "2514"]
[WhiteTeam "FID"]
[BlackTeam "FRA"]
[WhiteClock "0:01:54"]
[BlackClock "0:00:49"]

1. e4 c5 2. c3 d5 3. exd5 Qxd5 4. d4 Nc6 5. Nf3 Bf5 6. Be3 cxd4 7. Nxd4 Nf6 8. Nxf5 Qxf5 9. Bd3 Qd5 10. O-O O-O-O 11. Be2 Qxd1 12. Rxd1 Rxd1+ 13. Bxd1 e6 14. Bf3 Nd5 15. Bxd5 exd5 16. Nd2 Be7 17. Rd1 Rd8 18. Nb3 Bf6 19. Nd4 Nxd4 20. Bxd4 Bxd4 21. Rxd4 Kc7 22. Kf1 Rd6 23. Ke2 Kc6 24. Rh4 h6 25. Rf4 Re6+ 26. Kd2 Re7 27. h4 h5 28. f3 b5 29. a4 a6 30. Kd3 Kc5 31. axb5 axb5 32. Rf5 g6 33. Rf6 b4 34. cxb4+ Kxb4 35. Kd4 Re2 36. g4 hxg4 37. fxg4 Re4+ 38. Kxd5 Rxg4 39. Rxf7 Rxh4 40. Rb7+ Ka4 1/2-1/2

[Event "January 9 Early 2024"]
[Site "https://www.chess.com"]
[Date "2024.01.11"]
[Round "10"]
[White "Sierra Vallina, Lionel"]
[Black "Martinez Pla, Xavier"]
[Result "1-0"]
[Board "36"]
[TimeControl "180+1"]
[WhiteFideId "54559774"]
[BlackFideId "32074271"]
[WhiteElo "2630"]
[BlackElo "2468"]
[WhiteTeam "ESP"]
[BlackTeam "ESP"]
[WhiteClock "0:01:48"]
[BlackClock "0:00:03"]

1. e4 c5 2. Nf3 a6 3. g3 d6 4. Bg2 Nc6 5. O-O e5 6. c3 Nf6 7. d4 cxd4 8. cxd4 Bg4 9. d5 Nd4 10. Nc3 Be7 11. Be3 Nxf3+ 12. Bxf3 Bh3 13. Bg2 Bxg2 14. Kxg2 b5 15. b4 O-O 16. Qd3 Qd7 17. a4 Rab8 18. axb5 axb5 19. Ra7 Rb7 20. Rfa1 Rfb8 21. f3 h5 22. Rxb7 Rxb7 23. Ra5 h4 24. Rxb5 Rc7 25. Rb8+ Kh7 26. b5 h3+ 27. Kf2 Ra7 28. b6 Ra3 29. Qc4 Rxc3 30. Qxc3 Qa4 31. b7 Qa2+ 32. Qd2 Qb3 33. Ba7 Nxe4+ 34. fxe4 Bg5 1-0

[Event "January 9 Early 2024"]
[Site "https://www.chess.com"]
[Date "2024.01.11"]
[Round "10"]
[White "Wojtaszek, Radoslaw"]
[Black "So, Wesley"]
[Result "0-1"]
[Board "37"]
[TimeControl "180+1"]
[WhiteFideId "1118358"]
[BlackFideId "5202213"]
[WhiteElo "2936"]
[BlackElo "3062"]
[WhiteTeam "POL"]
[BlackTeam "USA"]
[WhiteClock "0:01:05"]
[BlackClock "0:00:36"]

1. c4 e5 2. d3 Nf6 3. Nf3 Nc6 4. a3 g6 5. b4 Bg7 6. Bb2 d5 7. cxd5 Nxd5 8. Nbd2 O-O 9. e3 Re8 10. Rc1 e4 11. Bxg7 exf3 12. Bb2 fxg2 13. Bxg2 Nf4 14. Be4 Nxd3+ 15. Bxd3 Qxd3 16. Qf3 Bf5 17. Rc3 Ne5 18. Qxb7 Qd6 19. Nc4 Nxc4 20. Rxc4 Qd3 21. Qc6 Rad8 22. Bd4 Be4 23. Qf6 Rxd4 24. Rxd4 Qc3+ 0-1

[Event "January 9 Early 2024"]
[Site "https://www.chess.com"]
[Date "2024.01.11"]
[Round "10"]
[White "Filipovic, Slobodan J"]
[Black "Saim, Mohamed Ilias"]
[Result "1-0"]
[Board "38"]
[TimeControl "180+1"]
[WhiteFideId "939633"]
[BlackFideId "7900465"]
[WhiteElo "2364"]
[BlackElo "2099"]
[WhiteTeam "SRB"]
[BlackTeam "ALG"]
[WhiteClock "0:01:22"]
[BlackClock "0:00:08"]

1. c4 e5 2. Nc3 Nf6 3. Nf3 Nc6 4. e4 Bb4 5. d3 d6 6. a3 Bxc3+ 7. bxc3 O-O 8. h3 a6 9. g4 b5 10. g5 Nd7 11. cxb5 axb5 12. d4 exd4 13. cxd4 b4 14. Bb5 Bb7 15. O-O Nb6 16. Nh4 bxa3 17. Be3 Ra5 18. Bxc6 Bxc6 19. Qg4 Nc4 20. d5 Nxe3 21. fxe3 Bd7 22. Qg3 f6 23. gxf6 Rxf6 24. Rxf6 Qxf6 25. Rf1 Qb2 26. Qg5 Ra8 27. Qe7 a2 28. Qf7+ Kh8 29. Qf8+ Rxf8 30. Rxf8# 1-0

[Event "January 9 Early 2024"]
[Site "https://www.chess.com"]
[Date "2024.01.11"]
[Round "10"]
[White "Panda Sambit"]
[Black "Travkina, Anastasia"]
[Result "1-0"]
[Board "39"]
[TimeControl "180+1"]
[WhiteFideId "25091794"]
[BlackFideId "24129151"]
[WhiteElo "2579"]
[BlackElo "2454"]
[WhiteTeam "IND"]
[BlackTeam "RUS"]
[WhiteClock "0:01:09"]
[BlackClock "0:00:42"]

1. d4 Nf6 2. Nf3 c5 3. d5 b5 4. Bg5 Qb6 5. Bxf6 Qxf6 6. c3 d6 7. e4 b4 8. Be2 g5 9. O-O h5 10. cxb4 Qxb2 11. Nbd2 g4 12. Rb1 Qf6 13. Ne1 Bh6 14. bxc5 dxc5 15. Nc4 Ba6 16. e5 Qg6 17. Bd3 Qg5 18. f4 gxf3 19. Qxf3 O-O 20. Qe4 Qg7 21. Rf3 f5 22. exf6 exf6 23. Rg3 Bg5 24. h4 1-0

[Event "January 9 Early 2024"]
[Site "https://www.chess.com"]
[Date "2024.01.11"]
[Round "10"]
[White "Joubert, Dantelle"]
[Black "Eggleston, Thomas A"]
[Result "0-1"]
[Board "40"]
[TimeControl "180+1"]
[WhiteFideId "14310813"]
[BlackFideId "412139"]
[WhiteElo "2064"]
[BlackElo "2254"]
[WhiteTeam "RSA"]
[BlackTeam "ENG"]
[WhiteClock "0:00:01"]
[BlackClock "0:01:12"]

1. d4 e6 2. c4 f5 3. Nc3 Nf6 4. Nf3 Bb4 5. Bd2 O-O 6. g3 Kh8 7. Bg2 Bxc3 8. Bxc3 d6 9. O-O Qe7 10. Rb1 Nbd7 11. b4 e5 12. d5 b5 13. cxb5 Nb6 14. Ng5 Bb7 15. Ne6 Rfe8 16. e4 Nxe4 17. Bxe4 fxe4 18. Qd2 Nxd5 19. Nc5 dxc5 20. bxc5 Qxc5 21. Ba5 Qd4 0-1

[Event "January 9 Early 2024"]
[Site "https://www.chess.com"]
[Date "2024.01.11"]
[Round "10"]
[White "Sturt, Raven"]
[Black "Shimanov, Aleksandr"]
[Result "0-1"]
[Board "41"]
[TimeControl "180+1"]
[WhiteFideId "2007304"]
[BlackFideId "4198603"]
[WhiteElo "2784"]
[BlackElo "3003"]
[WhiteTeam "USA"]
[BlackTeam "RUS"]
[WhiteClock "0:00:09"]
[BlackClock "0:01:41"]

1. f4 a5 2. Nf3 a4 3. e4 e6 4. d4 d5 5. e5 b6 6. c4 dxc4 7. Bxc4 Ne7 8. O-O Nd5 9. f5 exf5 10. Nc3 c6 11. Bg5 Be7 12. Bxe7 Kxe7 13. Qd2 h6 14. Nxd5+ cxd5 15. Qb4+ Ke8 16. Bb5+ Bd7 17. e6 fxe6 18. Rae1 Kf7 19. Ne5+ Kf6 20. Nxd7+ Nxd7 21. Qd6 Nf8 22. Rxf5+ Kg6 23. Qg3+ Kh7 24. Rf7 Rg8 25. h4 Kh8 26. Rc1 Rc8 27. Rcc7 Rxc7 28. Rxc7 a3 29. bxa3 Nh7 30. Bd7 Qf6 31. Qf2 Qe7 32. Qe3 Nf8 33. Bxe6 Qxc7 34. Bxd5 Qd6 35. Bxg8 Kxg8 36. Qb3+ Ne6 37. d5 Nf4 38. a4 Qxd5 0-1

[Event "January 9 Early 2024"]
[Site "https://www.chess.com"]
[Date "2024.01.11"]
[Round "10"]
[White "Wu, Derek"]
[Black "Wantiez, Fabrice"]
[Result "1-0"]
[Board "42"]
[TimeControl "180+1"]
[WhiteFideId "30914558"]
[BlackFideId "202274"]
[WhiteElo "2671"]
[BlackElo "2436"]
[WhiteTeam "USA"]
[BlackTeam "BEL"]
[WhiteClock "0:01:19"]
[BlackClock "0:00:21"]

1. e4 e5 2. Nc3 Nc6 3. Bc4 Bb4 4. Qg4 Kf8 5. Qf3 Nf6 6. Nge2 d6 7. h3 Be6 8. Bxe6 fxe6 9. g4 Ke7 10. g5 Nd7 11. a3 Bxc3 12. dxc3 Qf8 13. Qg3 Qf7 14. Be3 d5 15. exd5 exd5 16. O-O-O Raf8 17. Qh4 g6 18. Rd2 Kd8 19. Rhd1 Ne7 20. Qa4 a6 21. c4 d4 22. Nxd4 exd4 23. Rxd4 Nc6 24. Rxd7+ Qxd7 25. Rxd7+ Kxd7 26. b4 Kc8 27. b5 Nb8 28. Ba7 axb5 29. cxb5 Rf5 30. Be3 Rd8 31. Qc4 Rdd5 32. Qe4 b6 33. a4 Kb7 34. c4 1-0

[Event "January 9 Early 2024"]
[Site "https://www.chess.com"]
[Date "2024.01.11"]
[Round "10"]
[White "Hambleton, Aman"]
[Black "Laddha, Shubh Jayesh"]
[Result "0-1"]
[Board "43"]
[TimeControl "180+1"]
[WhiteFideId "2606577"]
[BlackFideId "30942799"]
[WhiteElo "2737"]
[BlackElo "2580"]
[WhiteTeam "CAN"]
[BlackTeam "USA"]
[WhiteClock "0:00:02"]
[BlackClock "0:01:12"]

1. d4 Nf6 2. Bf4 d5 3. e3 c5 4. c3 Nc6 5. Nd2 e6 6. Ngf3 Bd6 7. Bg3 O-O 8. Bd3 b6 9. e4 Be7 10. e5 Nh5 11. Ng5 Bxg5 12. Qxh5 g6 13. Qe2 cxd4 14. h4 Be7 15. h5 dxc3 16. bxc3 d4 17. hxg6 hxg6 18. Nf3 dxc3 19. Qe3 f5 20. exf6 Bxf6 21. Bxg6 Nd4 22. Qh6 Nxf3+ 23. Kf1 Ba6+ 0-1

[Event "January 9 Early 2024"]
[Site "https://www.chess.com"]
[Date "2024.01.11"]
[Round "10"]
[White "Erigaisi Arjun"]
[Black "Zhigalko, Sergei"]
[Result "1-0"]
[Board "44"]
[TimeControl "180+1"]
[WhiteFideId "35009192"]
[BlackFideId "13502956"]
[WhiteElo "3028"]
[BlackElo "2912"]
[WhiteTeam "IND"]
[BlackTeam "BLR"]
[WhiteClock "0:01:59"]
[BlackClock "0:00:02"]

1. c4 e5 2. d3 Nf6 3. Nf3 Nc6 4. a3 g6 5. Nc3 Bg7 6. g3 O-O 7. Bg2 d6 8. O-O h6 9. Rb1 Be6 10. b4 Qd7 11. b5 Ne7 12. a4 Bh3 13. a5 Bxg2 14. Kxg2 Nh5 15. e4 f5 16. exf5 Nxf5 17. h3 Ne7 18. Be3 Rf7 19. Nd2 Nf5 20. Nde4 Raf8 21. Qg4 Nhxg3 22. Nxg3 h5 23. Qe4 c6 24. a6 d5 25. bxc6 bxc6 26. cxd5 cxd5 27. Nxd5 Kh7 28. Rb7 Nh4+ 29. Qxh4 Qxd5+ 30. Qe4 Qe6 31. Rxa7 Rxa7 32. Bxa7 Rf4 33. Qb7 h4 34. Ne4 Qf5 35. Be3 Rg4+ 36. hxg4 Qxg4+ 37. Kh2 h3 38. Ng5+ Qxg5 39. Bxg5 e4 40. Bf6 e3 41. Qxg7# 1-0

[Event "January 9 Early 2024"]
[Site "https://www.chess.com"]
[Date "2024.01.11"]
[Round "10"]
[White "Mrudul Dehankar"]
[Black "Van Kooten, Luuk"]
[Result "1-0"]
[Board "45"]
[TimeControl "180+1"]
[WhiteFideId "25096990"]
[BlackFideId "1006533"]
[WhiteElo "2393"]
[BlackElo "2257"]
[WhiteTeam "IND"]
[BlackTeam "NED"]
[WhiteClock "0:01:10"]
[BlackClock "0:00:17"]

1. e4 c5 2. Nf3 d6 3. d4 cxd4 4. Nxd4 Nf6 5. Nc3 a6 6. Bg5 e6 7. f4 Nc6 8. Qd2 h6 9. Bxf6 Qxf6 10. Nf3 Qd8 11. O-O-O Be7 12. g4 O-O 13. h4 b5 14. g5 h5 15. Bh3 g6 16. f5 b4 17. Ne2 exf5 18. exf5 Ne5 19. Ned4 Nxf3 20. Nxf3 Bb7 21. Rhf1 Re8 22. Nd4 Bf8 23. fxg6 fxg6 24. Be6+ Kh8 25. Qd3 Bg7 26. Qxg6 1-0

[Event "January 9 Early 2024"]
[Site "https://www.chess.com"]
[Date "2024.01.11"]
[Round "10"]
[White "Hungaski, Robert"]
[Black "Kotlyar, Kirill"]
[Result "1-0"]
[Board "46"]
[TimeControl "180+1"]
[WhiteFideId "2021030"]
[BlackFideId "24145599"]
[WhiteElo "2482"]
[BlackElo "2565"]
[WhiteTeam "USA"]
[BlackTeam "RUS"]
[WhiteClock "0:00:57"]
[BlackClock "0:00:20"]

1. e4 e5 2. Nf3 Nc6 3. d4 exd4 4. Nxd4 Nf6 5. Nxc6 bxc6 6. e5 Qe7 7. Qe2 Nd5 8. g3 f6 9. c4 Ba6 10. Bg2 fxe5 11. O-O g6 12. b3 Bg7 13. Qd2 Nb6 14. Qa5 Bb7 15. Ba3 Qe6 16. Nc3 d5 17. Rae1 e4 18. Nxe4 Kd8 19. Nc5 Qf6 20. Nxb7+ Kc8 21. Qa6 Kd7 22. Bh3+ 1-0